Unix NetHack Version 5.0.0-0 post-release - last build Jun 10 2026 00:39:30 (3ee93aec679c4c4259841fe613dc97188e26a321,branch:main).

Game began 2026-06-23 15:11:57, ended 2026-06-24 14:45:30.

Barrb, neutral female human Barbarian

                ----------
                G@)*......
                ------.---
                     ---

Barrb the Bandit           St:25 Dx:15 Co:19 In:7 Wi:9 Ch:8  Neutral
Dlvl:11 $:37 HP:0(94) Pw:27(27) AC:1  Xp:9 T:7897  Burdened

Latest messages:
 You have a little trouble lifting k - a curved wand.
 It is hit!
 The ogre lord wields a club!
 The dart hits the ogre lord.
 You miss the ogre lord.
 The ogre lord swings his club.
 The ogre lord hits!
 You smite the ogre lord!
 The ogre lord swings his club.
 The ogre lord hits!
 The ogre lord swings his club.
 The ogre lord misses!
 You miss the ogre lord.
 The ogre lord swings his club.
 The ogre lord misses!
 It is missed.
 The dart misses the ogre lord.
 You are hit by a dart.
 You miss the ogre lord.
 The ogre lord swings his club.
 The ogre lord hits!
 It is missed.
 The arrow misses the ogre lord.
 An arrow misses you.
 You smite the ogre lord!
 You smite the ogre lord!
 The ogre lord swings his club.
 The ogre lord hits!
 The dart hits the ogre lord.
 The aklys misses the ogre lord.
 An aklys misses you.
 The aklys returns to its hand!
 You kill the ogre lord!
 An aklys misses you.
 You smite the gnome!
 You are hit by an aklys.
 It is hit.
 You are hit by a dart.
 You feel more confident in your weapon skills.
 You kill the gnome!
 The gnome picks up a club.
 You kill the gnome!
 You are hit by an aklys!
 The gnome king swings his aklys.
 The gnome king hits!
 The arrow hits the gnome king.
 The gnome king swings his aklys.
 The gnome king hits!
 You die...
 Do you want your possessions identified? [ynq] (y) q

Inventory:
 Coins    ('$')
  $ - 37 gold pieces
 Weapons  (')')
  V - 2 cursed +0 elven arrows
  S - 9 blessed +1 silver arrows
  e - 29 +0 darts
  B - a +0 dagger
  b - a rusty +0 axe (weapon in right hand)
 Armor    ('[')
  u - an uncursed +0 dwarvish iron helm (being worn)
  o - an uncursed very rusty +0 pair of gauntlets of power (being worn)
  x - an uncursed +2 pair of kicking boots (being worn)
  q - a blessed +1 cloak of invisibility
  l - an uncursed +0 elven cloak (being worn)
  c - an uncursed +0 ring mail (being worn)
 Comestibles  ('%')
  H - an uncursed cream pie
  d - 4 uncursed food rations
  m - a cursed food ration
  R - 2 uncursed tripe rations
 Scrolls  ('?')
  E - an uncursed scroll of amnesia
  A - a cursed scroll of blank paper
  v - an uncursed scroll of enchant armor
  t - a blessed scroll of remove curse
  C - an uncursed scroll of scare monster
  Q - a blessed scroll of teleportation
  j - 2 uncursed scrolls of teleportation
 Potions  ('!')
  w - an uncursed potion of blindness
  O - 2 uncursed potions of extra healing
  J - a blessed potion of healing
  G - 2 uncursed potions of healing
  T - an uncursed potion of invisibility
  p - an uncursed potion of monster detection
 Rings    ('=')
  P - a blessed +1 ring of gain constitution (on right hand)
  L - an uncursed +1 ring of protection
 Wands    ('/')
  F - a wand of create monster (0:13)
  h - a wand of digging (0:8)
  M - a cursed wand of digging (0:6)
  y - a wand of light (0:14)
  I - a wand of light (0:14)
  g - a wand of light (0:11)
  k - a wand of magic missile (0:6)
  i - a wand of make invisible (0:1)
  N - a wand of secret door detection (0:14)
 Tools    ('(')
  X - an uncursed sack containing 10 items
  K - a bag of tricks (0:18)
  W - a bag of tricks (0:11)
  U - a fire horn (0:2)
  Y - a +0 pick-axe
  n - an uncursed skeleton key
  D - an uncursed partly used tallow candle
  f - a cursed tin whistle
 Gems/Stones  ('*')
  z - 2 uncursed amethyst stones
  Z - 3 uncursed worthless pieces of orange glass
  s - an uncursed worthless piece of yellow glass

Contents of the sack:
  304 gold pieces
  an uncursed +0 oilskin cloak
  an uncursed tin of spinach
  an uncursed scroll of create monster
  an uncursed tin whistle
  an uncursed sapphire
  an uncursed worthless piece of red glass
  2 uncursed worthless pieces of violet glass
  2 uncursed worthless pieces of yellowish brown glass
  an uncursed worthless piece of yellow glass

Barrb the Barbarian's attributes:

Background:
 You were a Bandit, a level 9 female human Barbarian.
 You were neutral, on a mission for Crom
 who was opposed by Mitra (lawful) and Set (chaotic).
 You were right-handed.
 You were in the Gnomish Mines, on level 11.
 You entered the dungeon 7897 turns ago.
 You had 3508 experience points, 1612 more were needed to attain level 10.

Basics:
 You had 0 out of 94 hit points.
 You had all 27 energy points (spell power).
 Your armor class was 1.
 Your wallet contained 37 zorkmids, and
 you had 304 more stashed away in your pack.
 Autopickup was off.

Final Characteristics:
 Your strength was 25 (base:16, peak:18, innate limit:18/100).
 Your dexterity was 15 (peak:16, limit:18).
 Your constitution was 19 (base:18, innate limit:18).
 Your intelligence was 7 (limit:18).
 Your wisdom was 9 (limit:18).
 Your charisma was 8 (limit:18).

Final Status:
 You weren't hungry.
 You were burdened; movement was slightly slowed.
 You were wielding an axe.
 You had basic skill with axe and could have enhanced that.

Final Attributes:
 You were piously aligned.
 You were cold resistant.
 You were poison resistant.
 You were telepathic.
 You were stealthy.
 You were warded.
 You were fast.
 You are dead.

Miscellaneous:
 You didn't encounter any bones levels.
 Total elapsed playing time was 2 hours, 18 minutes and 26 seconds.

Major events:
 Turn
    1: Barrb the neutral female human Barbarian entered the dungeon
  639: entered the Gnomish Mines
  833: attained the rank of Pillager (level 3)
 2665: attained the rank of Bandit (level 6)
 4217: reached Mine Town
 7897: killed by a gnome king

You didn't know any spells.

Skills:
 Fighting Skills
   bare handed combat [Basic]
   two weapon combat  [Unskilled]
   riding             [Unskilled]
 Weapon Skills
   dagger             [Unskilled]
   axe                [Basic]
   pick-axe           [Unskilled]
   short sword        [Unskilled]
   broadsword         [Unskilled]
   long sword         [Unskilled]
   two-handed sword   [Expert]
   saber              [Unskilled]
   club               [Unskilled]
   mace               [Unskilled]
   morning star       [Unskilled]
   flail              [Unskilled]
   hammer             [Unskilled]
   quarterstaff       [Unskilled]
   spear              [Unskilled]
   trident            [Unskilled]
   bow                [Unskilled]
 Spellcasting Skills
   attack spells      [Unskilled]
   escape spells      [Unskilled]

Voluntary challenges:
 Character rerolling was not enabled.
 You never genocided any monsters.
 You never polymorphed an object.
 You never changed form.
 You used no wishes.
Achievements:
 You entered the Gnomish Mines.
 You entered a shop.
 You attained the rank of Pillager.
 You attained the rank of Bandit.
 You entered Minetown.
 You entered a temple.

 The Dungeons of Doom: levels 1 to 6
    Level 1:
    Level 2:
       Stairs down to The Gnomish Mines.
    Level 3:
       An armor shop.
    Level 4:
    Level 5:
    Level 6:
       Many fountains.
 The Gnomish Mines: levels 3 to 11
    Level 3:
    Level 4:
    Level 5:
    Level 6:
       Some shops, a temple and an altar, a fountain.
    Level 7:
    Level 8:
    Level 9:
    Level 10:
    Level 11: <- You were here.
       Final resting place for
          you, killed by a gnome king.


Vanquished creatures:
  a small mimic
 an ogre leader
  a leather golem
  2 giant beetles
  a leprechaun
 an iron piercer
  a mumak
  3 giant spiders
  4 gnome rulers
  a dwarf mummy
  a yeti
  a Green-elf
  a dog
  a jaguar
  2 dwarf leaders
  a blue jelly
  a raven
  a snake
  6 human zombies
  4 Woodland-elves
 an imp
  a wood nymph
  a mountain nymph
  4 Uruk-hai
  2 rock moles
  a pony
  2 fog clouds
  a yellow light
  a shrieker
 12 gnome leaders
  5 gnomish wizards
  2 gray oozes
  2 ghouls
  a little dog
  3 floating eyes
  a kitten
 19 dwarves
  a homunculus
  a kobold leader
  2 kobold shamans
  2 hill orcs
  2 rothes
  a giant bat
  4 monkeys
  2 dwarf zombies
  7 acid blobs
  a gas spore
  3 hobbits
 13 manes
  a large kobold
  2 giant rats
  a cave spider
 65 gnomes
  2 gnome zombies
  4 geckos
  6 jackals
  4 kobolds
  2 goblins
  3 sewer rats
  6 grid bugs
  2 bats
  5 lichens
  a kobold zombie
  7 newts
244 creatures vanquished.

No species were genocided or became extinct.

Game over:
                       ----------
                      /          \
                     /    REST    \
                    /      IN      \
                   /     PEACE      \
                  /                  \
                  |      Barrb       |
                  |      341 Au      |
                  |   killed by a    |
                  |    gnome king    |
                  |                  |
                  |                  |
                  |       2026       |
                 *|     *  *  *      | *
        _________)/\\_//(\/(/\)/\//\/|_)_______

Goodbye Barrb the Barbarian...

You died in The Gnomish Mines on dungeon level 11 with 12359 points,
and 341 pieces of gold, after 7897 moves.
You were level 9 with a maximum of 94 hit points when you died.

